 Dungeon Crawl Stone Soup version 0.30-a0-1161-g0704695555 (webtiles) character file.

Game seed: 18068241010456429919

96 NinjaNoafa the Trooper (level 4, -1/37 HPs)
             Began as a Demonspawn Monk on Apr 27, 2023.
             Slain by a cerulean imp
             ... wielding a +0 spear
             ... summoned by Natasha
              (2 damage)
             ... on level 3 of the Dungeon.
             The game lasted 00:03:28 (2589 turns).

NinjaNoafa the Trooper (Demonspawn Monk)            Turns: 2589, Time: 00:03:29

Health: -1/37      AC:  5    Str: 11    XL:     4   Next: 41%
Magic:  4/4        EV: 13    Int: 11    God:
Gold:   181        SH:  0    Dex: 18    Spells: 3/3 levels left

rFire   . . .        a - +0 short sword
rCold   + . .        d - orb {light}
rNeg    . . .        b - +0 robe
rPois   .            (no helmet)
rElec   .            (no cloak)
rCorr   .            (no gloves)
SInv    .            k - +2 pair of boots
Will    .....        (no amulet)
Stlth   +            j - ring of protection from cold
HPRegen 0.26/turn    (no ring)
MPRegen 0.09/turn

%: no passive effects
@: mighty, slowed, glowing, very slow
A: demonic guardian 1, weakness stinger 1
a: no special abilities


You were on level 3 of the Dungeon.
You visited 1 branch of the dungeon, and saw 3 of its levels.

You collected 181 gold pieces.

Inventory:

Hand Weapons
 a - a +0 short sword (weapon)
Missiles
 i - 5 poisoned darts (quivered)
Armour
 b - a +0 robe (worn)
 d - an orb of light (worn)
 k - a +2 pair of boots (worn)
Jewellery
 j - a ring of protection from cold (left hand)
Wands
 p - a wand of paralysis (13)
Scrolls
 g - a scroll of poison {unknown}
 h - a scroll of fog {unknown}
 l - a scroll of noise {unknown}
 m - a scroll of amnesia {unknown}
 n - a scroll of teleportation {unknown}
 o - 2 scrolls of identify {unknown}
Potions
 e - 3 potions of might
 f - a potion of curing {unknown}


   Skills:
 + Level 3.9 Fighting
 + Level 3.5 Short Blades
 + Level 3.5 Dodging


You had 3 spell levels left.
You didn't know any spells.
Your spell library contained the following spells:

 Spells                   Type           Power      Damage    Failure   Level
 Stone Arrow              Conj/Erth      0%         3d7       71%         3
 Animate Armour           Summ/Erth      0%         N/A       98%         4
 Lehudib's Crystal Spear  Conj/Erth      0%         10d2      100%        8


Dungeon Overview and Level Annotations

Branches:
Dungeon (3/15)

Altars:
Trog
Vehumet

Annotations:
D:2 1 runed translucent door, Crazy Yiuf
D:3 Natasha


Innate Abilities, Weirdness & Mutations

A weak demonic guardian rushes to your aid.
You have a small tail.


Message History

* * * LOW HITPOINT WARNING * * *
Natasha casts a spell.
The cerulean imp hits you from afar with a +1 spear.
* * * LOW HITPOINT WARNING * * *
Unknown command.
It was a potion of might.
You feel very mighty all of a sudden. The cerulean imp closely misses you.
Natasha barely misses you. The cerulean imp closely misses you.
The cerulean imp barely misses you.
Unknown command.
Unknown command.
Natasha attacks as you move away! Natasha claws you.
* * * LOW HITPOINT WARNING * * *
The cerulean imp hits you from afar with a +0 spear.
* * * LOW HITPOINT WARNING * * *
A demonic guardian appears!
Natasha casts a spell at you. The magic dart hits you.
* * * LOW HITPOINT WARNING * * *
The cerulean imp barely misses you.
Okay, then.
You swap places.
The cerulean imp hits you from afar with a +0 spear.
* * * LOW HITPOINT WARNING * * *
The cerulean imp hits you but does no damage.
Natasha barely misses you.
Unknown command.
You hit Natasha.
Natasha is moderately wounded.
Your quasit bites the cerulean imp but does no damage.
Your quasit claws the cerulean imp but does no damage.
Your quasit completely misses the cerulean imp.
The cerulean imp barely misses you.
Your quasit bites the cerulean imp.
Your quasit claws the cerulean imp.
Your quasit barely misses the cerulean imp.
The cerulean imp barely misses you. Natasha misses you.
You hit Natasha.
Natasha is severely wounded.
The cerulean imp hits you from afar with a +0 spear.
You die...

.>..####........ ##..............
........##......
.............#.### .#.....#
#....#.# .#.....#.##.#..#.# ###
.#÷#...#.##.#5.5.# ... ##
..)......##.#.##h# #.####### #.
..............55@#####.##....###.
##.#...#.#..#.5.....##.##......#.
#.#.#.#.#..#..........##....†.#.
#<........................†.†...
##.#######..........#####....###.
....# #.##.......# #....# #.
##..# #..........# #....# ##
##..# ####.......# #....# ....#
#####..###### ######


You could see Natasha, 3 cerulean imps and a friendly quasit (summoned).

Vanquished Creatures
  3 worms (D:2)
  2 ball pythons
  2 endoplasms
  A giant cockroach (D:2)
  2 goblins
  4 hobgoblins
  6 jackals
  A quokka (D:1)
  3 bats (D:2)
  A frilled lizard (D:1)
  A kobold (D:1)
  6 rats
32 creatures vanquished.

Vanquished Creatures (collateral kills)
  Natasha (twice) (D:3)
  2 jackals
4 creatures vanquished.

Grand Total: 36 creatures vanquished

Notes
Turn   | Place    | Note
-------+----------+-------------------------------------------
     0 | D:1      | NinjaNoafa the Demonspawn Monk began the quest for the Orb.
     0 | D:1      | Reached XP level 1. HP: 18/18 MP: 1/1
   292 | D:1      | Gained mutation: You have a small tail. [demonic ancestry]
   292 | D:1      | Reached XP level 2. HP: 24/24 MP: 2/2
   483 | D:2      | Found a faded altar of an unknown god.
   629 | D:2      | Found a runed translucent door.
   630 | D:2      | Noticed Crazy Yiuf
   934 | D:2      | Found a bloodstained altar of Trog.
  1511 | D:2      | Gained mutation: A weak demonic guardian rushes to your
                  | aid. [demonic ancestry]
  1511 | D:2      | Reached XP level 3. HP: 16/29 MP: 3/3
  1936 | D:3      | Noticed Natasha
  1950 | D:3      | Killed Natasha
  2067 | D:3      | Noticed Natasha
  2352 | D:3      | Found a radiant altar of Vehumet.
  2410 | D:3      | Killed Natasha
  2411 | D:3      | Reached XP level 4. HP: 31/37 MP: 4/4
  2526 | D:3      | Noticed Natasha
  2586 | D:3      | HP: 1/37 [Natasha/magic dart (1)]
  2589 | D:3      | Slain by a cerulean imp

Illustrated notes

Levels and vault maps discovered:
D:1:      matt_arrival_refuge, layout_rooms
D:2:      layout_basic, basic_altar, ebering_ecumenical_altar_rust,
          uniq_crazy_yiuf_cottage
D:3:      layout_basic, mainiacjoe_overflow_surrounded_room,
          dreamdust_princess_corridor, uniq_jessica, uniq_natasha

Skill      XL: |  1  2 |
---------------+-------+-----
Dodging        | 3 |  3.5
Short Blades   | 3 |  3.5
Fighting       | |  3.9

Action                     |  1- 3 |  4- 6 || total
---------------------------+-------+-------++-------
  Melee: Short sword       |   150 |    12 ||   162
         Tailslap          |    22 |     1 ||    23
    Use: Potion            |     1 |     1 ||     2
   Stab: Sleeping          |     1 |       ||     1
 Armour: Robe              |    16 |    11 ||    27
  Dodge: Dodged            |   101 |    35 ||   136

Table legend: (Time is in decaauts)
 A = Elapsed time spent in this place.
 B = Non-inter-level travel time spent in this place.
 C = Inter-level travel time spent in this place.
 D = Time resting spent in this place.
 E = Time spent auto-exploring this place.
 F = Levels seen in this place.
 G = Mean time per level.
                   A        B        C        D        E       F      G
               +--------+--------+--------+--------+--------+-----+--------+
         Total |   2587 |   2332 |    255 |    168 |   1580 |   3 |  862.3 |
       Dungeon |   2587 |   2332 |    255 |    168 |   1580 |   3 |  862.3 |
               +--------+--------+--------+--------+--------+-----+--------+

Top non-repeatable levels by time:
     D:2: 1568 daAuts
     D:3: 552 daAuts
     D:1: 467 daAuts
